 Dungeon Crawl Stone Soup version 0.28.0-53-g5a82cb258f (webtiles) character file.

Game seed: 9934290741552744515

52 Descartes the Ducker (level 3, -1/15 HPs)
             Began as a Felid Transmuter on June 25, 2022.
             Slain by a hound (4 damage)
             ... on level 4 of the Dungeon.
             The game lasted 00:02:21 (2164 turns).

Descartes the Ducker (Felid Transmuter)             Turns: 2164, Time: 00:02:22

Health: -1/15      AC:  1    Str:  8    XL:     3   Next: 60%
Magic:  7/7        EV: 18    Int: 14    God:
Gold:   64         SH:  0    Dex: 16    Spells: 5/6 levels left
                                        Lives:  0   Deaths: 0

rFire   . . .      SeeInvis +     - Unarmed
rCold   . . .      Faith    .   (shield unavailable)
rNeg    . . .      Spirit   .   (armour unavailable)
rPois   +          Reflect  .   (helmet unavailable)
rElec   .          Harm     .   (cloak unavailable)
rCorr   .          Rampage  .   (gloves unavailable)
Will    .....                   (boots unavailable)
Stlth   ++........              (no amulet)
HPRegen 0.05/turn               g - ring of poison resistance
MPRegen 0.10/turn               (no ring)

@: appendages (expiring), quick
A: horns 2, very small, claws 1, fangs 3, see invisible, speed 1, shaggy fur 1,
stealthy paws, no weapons or thrown items, no armour, multi-lived
a: End Transformation


You were on level 4 of the Dungeon.
You had temporarily grown beastly horns.
You visited 1 branch of the dungeon, and saw 3 of its levels.

You collected 64 gold pieces.

Inventory:

Missiles
 a - 70 stones
Jewellery
 g - a ring of poison resistance (left paw)
Scrolls
 b - a scroll of torment {unknown}
 c - a scroll of identify {unknown}
 f - a scroll of fog {unknown}
 h - a scroll of summoning {unknown}
 i - a scroll of teleportation {unknown}
 j - a scroll of acquirement {unknown}
Potions
 d - a potion of resistance {unknown}
 e - a potion of mutation {unknown}


   Skills:
 + Level 1.5 Fighting
 * Level 3.5 Dodging
 * Level 2.0 Stealth
 * Level 3.4 Unarmed Combat
 + Level 2.1 Spellcasting
 + Level 2.4 Transmutations


You had 5 spell levels left.
You knew the following spells:

 Your Spells              Type           Power      Damage    Failure   Level
a - Beastly Appendage     Tmut           16%        N/A       9%          1

Your spell library contained the following spells:

 Spells                   Type           Power      Damage    Failure   Level
 Wereblood                Tmut           8%         N/A       13%         2
 Spider Form              Tmut/Pois      4%         N/A       38%         3
 Ice Form                 Ice/Tmut       4%         N/A       80%         4


Dungeon Overview and Level Annotations

Branches:
Dungeon (2/15)

Altars:


Innate Abilities, Weirdness & Mutations

You have temporarily grown beastly horns.
You have sharp claws.
You have razor-sharp teeth.
You have supernaturally acute eyesight. (SInv)
You cover ground quickly. (Speed+)
You are covered in fur. (AC +1)
Your paws help you pounce on unaware monsters.
You are incapable of wielding weapons or throwing items.
You cannot wear armour.
You gain extra lives every three experience levels.


Message History

No target in view!
No target in view!
No target in view!
No target in view!
Your transformation is almost over.
Your horns disappear.
A sourceless malevolence fills the Dungeon...
You fall into a shaft and drop 2 floors!
The shaft crumbles and collapses.
A giant cockroach and an orc come into view.
The orc is wielding a +0 hand axe of electrocution.
The orc shouts!
Found 5 gold pieces.
Found a stone staircase leading down.
Casting: Beastly Appendage (safe; 9% risk of failure)
Confirm with . or Enter, or press ? or * to list all spells.
You grow a pair of large bovine horns.
A hound comes into view.
The giant cockroach barely misses you.
The hound barks!
You scratch the giant cockroach.
You kill the giant cockroach!
The orc hits you with a +0 hand axe of electrocution.
You scratch the orc but do no damage.
Your transformation is almost over.
The orc barely misses you.
You closely miss the orc. You bite the orc, but do no damage.
The orc hits you with a +0 hand axe of electrocution.
The hound barely misses you.
You closely miss the hound. Your headbutt misses the hound.
The hound bites you.
The orc hits you with a +0 hand axe of electrocution.
* * * LOW HITPOINT WARNING * * *
Things that are here:
5 gold pieces; a giant cockroach corpse The hound closely misses you.
The hound stops to sniff the ground.
An ogre comes into view. It is wielding a +0 giant spiked club.
The ogre shouts!
The hound bites you.
You die...

#>......#
#....$..#
#.......#
#.......+
##..##..#
#####o.##
#....#
#h...#
#@...#
#....#
...#+#
####. O.
.## ##


You could see an ogre, a hound and an orc.

Vanquished Creatures
  An adder (D:2)
  3 ball pythons (D:1)
  4 endoplasms
  3 giant cockroaches
  7 goblins
  5 hobgoblins
  3 quokkas (D:1)
  4 bats
  4 kobolds
  2 rats
36 creatures vanquished.

Notes
Turn   | Place    | Note
-------+----------+-------------------------------------------
     0 | D:1      | Descartes the Felid Transmuter began the quest for the Orb.
     0 | D:1      | Reached XP level 1. HP: 9/9 MP: 4/4
   288 | D:1      | Reached skill level 1 in Stealth
   288 | D:1      | Reached XP level 2. HP: 12/12 MP: 4/6
  1305 | D:1      | Reached XP level 3. HP: 10/15 MP: 5/7
  1424 | D:1      | Found a faded altar of an unknown god.
  2148 | D:2      | You fall into a shaft and drop 2 floors!
  2163 | D:4      | Noticed an ogre
  2164 | D:4      | Slain by a hound

Illustrated notes

Levels and vault maps discovered:
D:1:      dpeg_arrival_stone_temple_mockup, layout_basic,
          basic_ecumenical_altar, minivault_25
D:2:      layout_basic
D:4:      layout_gridville, grunt_ministairs_15

Skill      XL: |  1  2  3 |
---------------+----------+-----
Stealth        | 1 2 |  2.0
Dodging        | 3 |  3.5
Fighting       | |  1.5
Unarmed Combat | |  3.4
Spellcasting   | |  2.1
Transmutations | |  2.4

Action                   || total
-------------------------++-------
Melee: Unarmed           ||    92
       Bite              ||    11
       Headbutt          ||    17
 Cast: Beastly Appendage ||    29
 Stab: Sleeping          ||     2
Armor: Skin              ||     6
Dodge: Dodged            ||    62
